 Dungeon Crawl Stone Soup version 0.31.0-9-g3a7656b989 (webtiles) character file.

Game seed: 8246036405317756086

5 Colgate the Poker (level 1, 0/18 HPs)
             Began as a Demonspawn Cinder Acolyte on Feb 2, 2024.
             Was a High Priest of Ignis.
             Slain by a frilled lizard (2 damage)
             ... on level 1 of the Dungeon.
             The game lasted 00:00:15 (135 turns).

Colgate the Poker (Demonspawn Cinder Acolyte)        Turns: 135, Time: 00:00:16

Health: 0/18       AC:  2    Str: 14    XL:     1   Next: 66%
Magic:  2/2        EV: 11    Int: 14    God:    Ignis [*****.]
Gold:   0          SH:  0    Dex:  8    Spells: 2/2 levels left

rFire   + . .        a - -1 spear (flame)
rCold   . . .        (no shield)
rNeg    . . .        b - +0 robe
rPois   .            (no helmet)
rElec   .            (no cloak)
rCorr   .            (no gloves)
SInv    .            (no boots)
Will    .....        (no amulet)
Stlth   +            (no ring)
HPRegen 0.23/turn    (no ring)
MPRegen 0.08/turn

%: no passive effects
@: no status effects
A: no striking features
a: Renounce Religion, Fiery Armour, Foxfire Swarm, Rising Flame


You were on level 1 of the Dungeon.
You worshipped Ignis.
Ignis was extremely pleased with you.
You visited 1 branch of the dungeon, and saw 1 of its levels.

Inventory:

Hand Weapons
 a - a -1 spear of flaming (weapon)
Armour
 b - a +0 robe (worn)


   Skills:
 - Level 3.0 Fighting
 + Level 3.1 Polearms
 - Level 1.0 Spellcasting
 - Level 2.6 Fire Magic


You had 2 spell levels left.
You didn't know any spells.
Your spell library contained the following spells:

 Spells                   Type           Power      Damage    Failure   Level
 Scorch                   Fire           16%        2d5       13%         2


Dungeon Overview and Level Annotations

Branches:
Dungeon (1/15)

Altars:


Message History

You barely miss the giant cockroach. The giant cockroach closely misses you.
The frilled lizard closely misses you.
You hit the giant cockroach. You burn the giant cockroach.
The giant cockroach completely misses you.
The frilled lizard closely misses you. The giant cockroach closely misses you.
You hit the giant cockroach. You burn the giant cockroach.
You kill the giant cockroach!
The frilled lizard bites you. The frilled lizard closely misses you.
You see here a giant cockroach corpse.
The frilled lizard closely misses you.
The frilled lizard attacks as it pursues you!
The frilled lizard closely misses you.
The frilled lizard attacks as it pursues you!
The frilled lizard bites you.
* * * LOW HITPOINT WARNING * * *
You see here an orb of mayhem.
The frilled lizard attacks as it pursues you!
The frilled lizard barely misses you.
The frilled lizard attacks as it pursues you!
The frilled lizard barely misses you.
The frilled lizard attacks as it pursues you!
The frilled lizard bites you but does no damage.
The frilled lizard attacks as it pursues you!
The frilled lizard barely misses you.
The frilled lizard attacks as it pursues you!
The frilled lizard bites you.
* * * LOW HITPOINT WARNING * * *
The frilled lizard attacks as it pursues you!
The frilled lizard bites you.
* * * LOW HITPOINT WARNING * * *
The frilled lizard attacks as it pursues you!
The frilled lizard closely misses you.
Things that are here:
a +0 club; a ball python corpse; a kobold corpse The frilled lizard attacks as it pursues you!
The frilled lizard bites you.
* * * LOW HITPOINT WARNING * * *
You barely miss the frilled lizard. The frilled lizard bites you.
You die...

#...... ############
#......
##..........###......
##............##......
#..............#......
#..............#......
#...†..........#......
#....@l..............[
#.......!...........##
##.............>..#.#
##.................#
#######.###........#
#..##.....#...
##.########.## .. #.#


You could see a frilled lizard.

Vanquished Creatures
  A giant cockroach (D:1)
  A goblin (D:1)
  2 ball pythons (D:1)
  A bat (D:1)
  A kobold (D:1)
6 creatures vanquished.

Notes
Turn   | Place    | Note
-------+----------+-------------------------------------------
     0 | D:1      | Colgate the Demonspawn Cinder Acolyte began the quest for
                  | the Orb.
     0 | D:1      | Reached XP level 1. HP: 18/18 MP: 2/2
   135 | D:1      | Slain by a frilled lizard

Illustrated notes

Levels and vault maps discovered:
D:1:      minmay_arrival_nine_rooms, layout_rooms,
          dreamdust_ecumenical_altar_statues, minmay_surrounded

Skill      XL: |  1 |
---------------+----+-----
Polearms       | 3 |  3.1
Fighting       | |  3.0
Spellcasting   | |  1.0
Fire Magic     | |  2.6

Action                     || total
---------------------------++-------
  Melee: Spear             ||    25
 Armour: Robe              ||    23
  Dodge: Dodged            ||    28
